 Dungeon Crawl Stone Soup version 0.25-a0-42-g6c54e25894 (webtiles) character file.

Game seed: 14907359608557307165, levelgen mode: deterministic

69571 Gumption the Spear-Bearer (level 15, -3/119 HPs)
             Began as a Merfolk Gladiator on Oct 23, 2019.
             Was a High Priest of Ashenzari.
             Slain by a titanic slime creature (82 damage)
             ... on level 13 of the Dungeon on Oct 24, 2019.
             The game lasted 04:51:10 (27723 turns).

Gumption the Spear-Bearer (Merfolk Gladiator)      Turns: 27723, Time: 04:51:11

Health: -3/119     AC: 27    Str: 17    XL:     15   Next: 30%
Magic:  29/29      EV: 31    Int: 11    God:    Ashenzari [*****.]
Gold:   1436       SH: 16    Dex: 24    Spells: 14/28 levels left

rFire    + + .     SeeInvis +   a - +6 trident (venom) (curse)
rCold    . . .     Gourm    .   K - +2 shield (curse)
rNeg     . . .     Faith    .   H - +8 chain mail of Wasted Space {rPois rF++ Dex+4} (curse)
rPois    +         Spirit   .   V - +0 Maxwell's etheric cage {RegenMP+ *Contam rElec MP+4} (curse)
rElec    +         Reflect  .   F - -2 cloak "Odutiriu" {rCorr Dex+4} (curse)
rCorr    +         Harm     .   I - +2 pair of gloves (curse)
MR       ++...     Clarity  +   U - +1 pair of boots {Stlth+}
Stlth    ..........             O - amulet of the acrobat
HPRegen  0.29/turn              E - ring of protection from magic (curse) MPRegen 0.71/turn*
                                Q - ring of wizardry (curse)

@: acrobat
A: change form in water, swift swim, stealthy swim
a: Curse Item, Scrying, Transfer Knowledge, Renounce Religion


You were on level 13 of the Dungeon.
You worshipped Ashenzari.
Ashenzari was extremely pleased with you.
You were very hungry.

You visited 3 branches of the dungeon, and saw 20 of its levels.
You visited 1 bazaar.
You also visited: Ossuary and Gauntlet.

You collected 2055 gold pieces.
You spent 619 gold pieces at shops.

Inventory:

Hand Weapons
 a - a cursed +6 trident of venom (weapon)
Missiles
 d - 8 throwing nets {!f=}
 x - 15 silver javelins
 y - 11 boomerangs (quivered)
 M - 4 javelins
Armour
 F - the cursed -2 cloak "Odutiriu" (worn) {rCorr Dex+4}
   (You found it in a Gauntlet)

   It affects your dexterity (+4).
   It provides partial protection from all sources of acid and corrosion.
   It has a curse placed upon it.
 H - the cursed +8 chain mail of Wasted Space (worn) {rPois rF++ Dex+4}
   (You found it on level 4 of the Lair of Beasts)

   It affects your dexterity (+4).
   It greatly protects you from fire.
   It protects you from poison.
   It has a curse placed upon it.
 I - a cursed +2 pair of gloves (worn)
 K - a cursed +2 shield (worn)
 U - a +1 pair of boots of stealth (worn)
 V - the cursed +0 Maxwell's etheric cage (worn) {RegenMP+ *Contam rElec MP+4}
   (You acquired it on level 13 of the Dungeon)

   It insulates you from electricity.
   It affects your magic capacity (+4).
   It causes magical contamination when unequipped.
   It has a curse placed upon it.
Jewellery
 E - a cursed ring of protection from magic (left hand)
 N - the cursed ring of Saxueme {-Tele rF+ Int+4 Slay-2}
   (You found it in a Gauntlet)

   [ring of slaying]

   It affects your intelligence (+4).
   It affects your accuracy and damage with ranged weapons and melee attacks
   (-2).
   It protects you from fire.
   It prevents most forms of teleportation.
   It has a curse placed upon it.
 O - an amulet of the acrobat (around neck)
 Q - a cursed ring of wizardry (right hand)
Wands
 C - a wand of iceblast (21)
 S - a wand of digging (6)
 Y - a wand of scattershot (5)
 Z - a wand of clouds (2)
Scrolls
 l - 3 scrolls of magic mapping
 m - a scroll of remove curse
 n - 6 scrolls of teleportation
 q - 4 scrolls of blinking
 w - 2 scrolls of fear
 z - 4 scrolls of fog
 D - 5 scrolls of immolation
 R - a scroll of silence
 W - 4 scrolls of identify
Potions
 b - 3 potions of invisibility
 f - a potion of resistance
 g - 2 potions of flight
 h - 4 potions of heal wounds
 i - 3 potions of ambrosia
 k - a potion of might
 o - a potion of mutation
 p - 8 potions of curing
 r - 5 potions of cancellation
 s - 3 potions of brilliance
 u - 3 potions of magic
 v - 4 potions of berserk rage
 A - 2 potions of agility
 B - 2 potions of haste
Miscellaneous
 P - a fan of gales
Comestibles
 e - 38 rations


   Skills:
 + Level 11.2 Fighting
 - Level 12.9(16.5) Polearms
 - Level 6.0 Throwing
 * Level 8.5(12.4) Armour
 + Level 11.7 Dodging
 * Level 11.6(13.9) Shields
 - Level 7.1 Spellcasting
 - Level 3.0(5.3) Conjurations
 - Level 3.0(5.3) Charms
 - Level 8.0(10.6) Necromancy
 - Level 3.0(5.2) Translocations


You had 14 spell levels left.
You knew the following spells:

 Your Spells              Type           Power        Failure   Level  Hunger
a - Magic Dart            Conj           ###.         8%          1    None
b - Animate Skeleton      Necr           N/A          1%          1    None
c - Blink                 Tloc           N/A          11%         2    ##.....
d - Vampiric Draining     Necr           ####......   2%          3    ###....
e - Animate Dead          Necr           N/A          9%          4    ####...
z - Regeneration          Chrm/Necr      ###.......   8%          3    ###....

Your spell library contained the following spells:

 Spells                   Type           Power        Failure   Level  Hunger
 Pain                     Necr           ####         1%          1    None
 Apportation              Tloc           ###...       8%          1    None
 Searing Ray              Conj           ###...       11%         2    ##.....
 Gell's Gravitas          Tloc           ###.......   21%         3    ###....
 Throw Frost              Conj/Ice       ##....       28%         2    ##.....
 Beastly Appendage        Tmut           #.....       45%         1    None
 Confusing Touch          Hex            #.....       45%         1    None
 Freeze                   Ice            #...         45%         1    None
 Summon Small Mammal      Summ           #...         45%         1    None
 Dazzling Spray           Conj/Hex       ##....       50%         3    ###....
 Ozocubu's Armour         Chrm/Ice       ##......     50%         3    ###....
 Portal Projectile        Hex/Tloc       ##....       50%         3    ###....
 Force Lance              Conj/Tloc      ###.....     54%         4    ####...
 Iskenderun's Mystic Bla  Conj           ###.....     54%         4    ####...
 Passage of Golubria      Tloc           N/A          54%         4    ####...
 Ensorcelled Hibernation  Hex/Ice        #.....       61%         2    ##.....
 Sticks to Snakes         Tmut           #.......     61%         2    ##.....
 Confuse                  Hex            #.......     82%         3    ###....
 Spider Form              Tmut/Pois      #.........   82%         3    ###....
 Fulminant Prism          Conj/Hex       ##........   86%         4    ####...
 Throw Icicle             Conj/Ice       ##......     86%         4    ####...
 Ice Form                 Ice/Tmut       #.......     99%         4    ####...
 Petrify                  Tmut/Erth      #.......     99%         4    ####...
 Summon Ice Beast         Ice/Summ       #.......     99%         4    ####...
 Blade Hands              Tmut           #.........   100%        5    ######.
 Metabolic Englaciation   Hex/Ice        #.........   100%        5    ######.
 Yara's Violent Unravell  Hex/Tmut       #.........   100%        5    ######.


Dungeon Overview and Level Annotations

Branches:
Dungeon (13/15)            Temple (1/1) D:6            Lair (6/6) D:10
 Shoals (0/4) Lair:2        Snake (0/4) Lair:2        Slime (0/5) Lair:6
    Orc (0/2) D:9         Ossuary (visited)         Gauntlet (visited)
 Vaults: D:13-14

Altars:
Ashenzari
Cheibriados
Dithmenos
Elyvilon
Fedhas
Gozag
Hepliaklqana
Kikubaaqudgha
Makhleb
Nemelex Xobeh
Okawaru
Qazlal
Ru
Sif Muna
Trog
Uskayaw
Vehumet
Wu Jian
Xom
Yredelemnul
Zin
The Shining One
Jiyva

Shops:
D:4 (

Annotations:
Lair:4 exclusion: 2 oklob plants


Message History

The titanic slime creature is lightly wounded.
The titanic slime creature hits you!!
You see here a stone.
Your skin is crawling a little less now.
Attack whom?
Press: ? - help, Dir - move target cursor, f - titanic slime creature
Aim: a titanic slime creature (lightly wounded, poisoned)
You reach to attack!
You puncture the titanic slime creature!
The titanic slime creature is lightly wounded.
Your skin stops crawling.
The titanic slime creature looks more healthy.
You are feeling very hungry.
You hit the titanic slime creature.
The titanic slime creature is lightly wounded.
You see here 28 stones.
There is a stone staircase leading down here.
The titanic slime creature hits you!!!!
Ouch! That really hurt!
You die...

# ## .#### ....##
###..###############
##..........<.@J.#
#######.##.####J#
*** ###....####.#
#.* #........{J.#
#[#* #.##.>......#
##..* #.#...K.....#
.#..####.....(.....#
.#........#<.......#
...#..###.#........#


You could see a titanic slime creature and a slime creature.

Vanquished Creatures
  Nessos (D:12)
  A minotaur (Gauntlet)
  A fire dragon (Lair:6)
  6 hydras
  The ghost of dvd2 the Tainter, a journeyman OpVM of Sif Muna (Lair:1)
  2 catoblepae
  An ice dragon (Lair:6)
  4 two-headed ogres
  3 death yaks
  Urug (D:11)
  Nergalle (D:12)
  A swamp dragon (Lair:6)
  4 unseen horrors
  2 lindwurms (Lair:6)
  A necromancer (Gauntlet)
  3 harpies (D:12)
  A manticore (D:11)
  An ugly thing (D:12)
  2 deep elf magi
  2 cyclopes (D:12)
  4 black mambas
  A moth of wrath (Lair:1)
  An elephant (Lair:4)
  Psyche (D:8)
  5 torpor snails (Lair:6)
  15 spiny frogs
  3 centaur skeletons
  4 rime drakes
  5 komodo dragons
  A queen bee (Lair:2)
  2 trolls
  A polar bear (Lair:4)
  7 hornets
  20 blink frogs
  3 tyrant leeches (Lair:6)
  5 dream sheep (Lair:6)
  2 meliai zombies
  A vampire (D:11)
  2 centaur simulacra (Gauntlet)
  4 hippogriffs
  4 small abominations (Gauntlet)
  4 wyverns
  2 large abominations (Gauntlet)
  Eustachio (D:6)
  A wraith (D:10)
  37 yaks
  5 basilisks
  Grum (D:8)
  3 vampire mosquitoes (D:12)
  5 steam dragons (Lair:6)
  A warg (D:9)
  3 hungry ghosts
  2 nagas (Lair:2)
  A soldier ant (D:8)
  Edmund (D:4)
  2 acid dragons
  12 water moccasins
  8 porcupines
  4 phantoms
  5 sky beasts
  3 black bears
  7 orc warriors
  7 ice beasts
  2 necrophages
  10 ogres
  11 crocodiles
  15 wolves
  15 centaurs
  16 bullfrogs
  3 big kobolds
  Blork the orc (D:6)
  2 gnoll sergeants
  2 wyvern zombies
  A scorpion (D:9)
  30 killer bees
  2 electric eels
  4 howler monkeys
  6 crimson imps
  A wyvern simulacrum (Gauntlet)
  3 centaur zombies
  4 bullfrog zombies
  4 hounds
  A water moccasin simulacrum (Gauntlet)
  A gnoll shaman (D:8)
  10 orc priests
  13 orc wizards
  2 bullfrog skeletons
  8 iguanas
  6 worker ants
  A killer bee zombie (D:7)
  A bullfrog simulacrum (Gauntlet)
  2 hound skeletons (D:7)
  8 mummies (Ossuary)
  15 adders
  17 gnolls
  A howler monkey skeleton (D:7)
  2 river rats (D:10)
  5 shadow imps
  3 adder zombies
  3 adder skeletons
  3 worms
  4 dart slugs
  3 leopard geckos
  54 orcs
  3 ball pythons
  4 giant cockroaches
  16 goblins
  9 hobgoblins
  5 jackals
  18 kobolds
  7 quokkas
  8 bats
  A frilled lizard (D:4)
  A hobgoblin zombie (Ossuary)
  4 kobold zombies (Ossuary)
  3 orc zombies (Ossuary)
  A quokka zombie (D:9)
  13 rats
  A plant (Lair:6)
  A withered plant (D:12)
635 creatures vanquished.

Vanquished Creatures (collateral kills)
  A hydra (Lair:1)
  A two-headed ogre (D:8)
  An ugly thing (D:11)
  5 elephants
  2 spiny frogs
  2 dream sheep (Lair:6)
  A hippogriff (Lair:6)
  A basilisk (Lair:4)
  4 yaks
  2 water moccasins
  4 centaurs
  3 wolves
  6 crocodiles
  A killer bee (D:9)
  A water moccasin skeleton (D:9)
  2 orc wizards (D:9)
  A bullfrog skeleton (D:7)
  A howler monkey skeleton (D:11)
  A shadow imp (D:7)
  An orc (D:7)
  3 butterflies
  2 plants
46 creatures vanquished.

Vanquished Creatures (others)
  A giant cockroach (D:2)
  2 hobgoblins (D:2)
  9 fungi
  12 plants
24 creatures vanquished.

Grand Total: 705 creatures vanquished

Notes
Turn   | Place    | Note
-------+----------+-------------------------------------------
     0 | D:1      | Gumption the Merfolk Gladiator began the quest for the Orb.
     0 | D:1      | Reached XP level 1. HP: 16/16 MP: 1/1
   180 | D:1      | Reached XP level 2. HP: 23/23 MP: 2/2
   252 | D:1      | Reached skill level 5 in Polearms
   507 | D:1      | Reached XP level 3. HP: 20/28 MP: 3/3
  1225 | D:2      | Found a radiant altar of Vehumet.
  1241 | D:2      | Reached XP level 4. HP: 32/34 MP: 4/4
  1276 | D:2      | Reached skill level 6 in Polearms
  1312 | D:2      | Found a stormy altar of Qazlal.
  1312 | D:2      | Found a glowing golden altar of the Shining One.
  1325 | D:2      | Found a faded altar of an unknown god.
  1327 | D:2      | Found a faded altar of an unknown god.
  1329 | D:2      | Found a hide-covered altar of Uskayaw.
  1350 | D:2      | Became a worshipper of Ashenzari the Shackled
  1350 | D:2      | Reached * piety under Ashenzari
  1411 | D:2      | Reached skill level 5 in Dodging
  1413 | D:2      | Reached XP level 5. HP: 30/41 MP: 5/5
  2241 | D:3      | Reached skill level 7 in Polearms
  2282 | D:3      | Found a sparkling altar of Nemelex Xobeh.
  2537 | D:3      | Reached XP level 6. HP: 44/48 MP: 6/6
  2744 | D:4      | Found an iron altar of Okawaru.
  2774 | D:4      | Noticed a phantom
  2796 | D:4      | Killed a phantom
  2796 | D:4      | Reached skill level 8 in Polearms
  2810 | D:4      | Found a sand-covered staircase.
  2828 | Ossuary  | Entered an ossuary
  2924 | Ossuary  | Reached XP level 7. HP: 41/55 MP: 7/7
  3359 | D:4      | Reached skill level 9 in Polearms
  3392 | D:4      | Found Geuziti's Weapon Boutique.
  3502 | D:4      | Found a glowing silver altar of Zin.
  3534 | D:4      | Found a basalt altar of Yredelemnul.
  3659 | D:4      | Noticed Edmund
  3697 | D:4      | Killed Edmund
  4043 | D:4      | Reached skill level 5 in Fighting
  4291 | D:5      | Entered Level 5 of the Dungeon
  4361 | D:5      | Identified the Compendium of Orientation and Snow
  4517 | D:5      | Found an opulent altar of Gozag.
  4721 | D:5      | Reached skill level 10 in Polearms
  4721 | D:5      | Reached XP level 8. HP: 62/62 MP: 8/8
  5130 | D:5      | Found a shadowy altar of Dithmenos.
  5401 | D:5      | Found a hazy altar of Hepliaklqana.
  5494 | D:6      | Noticed Eustachio
  5511 | D:6      | Killed Eustachio
  5599 | D:6      | Learned a level 1 spell: Animate Skeleton
  5601 | D:6      | Learned a level 1 spell: Magic Dart
  5604 | D:6      | Learned a level 2 spell: Blink
  5648 | D:6      | Reached skill level 11 in Polearms
  5701 | D:6      | Noticed Blork the orc
  5754 | D:6      | Killed Blork the orc
  5931 | D:6      | Found a staircase to the Ecumenical Temple.
  5961 | Temple   | Entered the Ecumenical Temple
  6216 | D:6      | Reached XP level 9. HP: 69/69 MP: 9/9
  6673 | D:6      | Reached skill level 1 in Spellcasting
  6673 | D:6      | Reached skill level 1 in Necromancy
  6728 | D:6      | Found a shimmering blue altar of Sif Muna.
  6964 | D:6      | Noticed a two-headed ogre
  6984 | D:6      | Killed a two-headed ogre
  6984 | D:6      | Reached skill level 12 in Polearms
  7738 | D:7      | Reached ** piety under Ashenzari
  7987 | D:7      | Reached XP level 10. HP: 79/79 MP: 14/14
  8326 | D:8      | Found a burning altar of Makhleb.
  8349 | D:8      | Reached skill level 1 in Translocations
  8482 | D:8      | Learned a level 3 spell: Vampiric Draining
  8536 | D:8      | Noticed Psyche
  8547 | D:8      | Killed Psyche
  8548 | D:8      | Reached skill level 1 in Conjurations
  8670 | D:8      | Noticed Grum
  8683 | D:8      | Killed Grum
  8696 | D:8      | Reached skill level 10 in Dodging
  8896 | D:8      | Paralysed by a hornet for 2 turns
  9323 | D:8      | Noticed a two-headed ogre
  9333 | D:8      | Killed a two-headed ogre
 10395 | D:9      | Reached XP level 11. HP: 60/87 MP: 16/18
 10458 | D:9      | Found a staircase to the Orcish Mines.
 11794 | D:10     | Entered Level 10 of the Dungeon
 11829 | D:10     | Reached skill level 1 in Shields
 11856 | D:10     | Found a staircase to the Lair.
 11856 | D:10     | Noticed a death yak
 11876 | D:10     | Killed a death yak
 11876 | D:10     | Reached skill level 5 in Spellcasting
 12081 | D:10     | Noticed a death yak
 12082 | D:10     | Noticed a death yak
 12107 | D:9      | Killed a death yak
 12198 | D:9      | Killed a death yak
 12793 | D:10     | Found a snail-covered altar of Cheibriados.
 12795 | D:10     | Reached *** piety under Ashenzari
 13405 | D:11     | Reached skill level 5 in Necromancy
 13422 | D:11     | Noticed Urug
 13453 | D:11     | Killed Urug
 13622 | D:11     | Reached XP level 12. HP: 96/96 MP: 20/20
 13880 | D:11     | Noticed a six-headed hydra
 13891 | D:11     | Killed a six-headed hydra
 14226 | D:11     | Reached skill level 5 in Shields
 14417 | D:11     | Noticed a two-headed ogre
 14425 | D:11     | Killed a two-headed ogre
 14441 | D:11     | Noticed a two-headed ogre
 14453 | D:11     | Killed a two-headed ogre
 15527 | Lair:1   | Entered Level 1 of the Lair of Beasts
 15603 | Lair:1   | Noticed a seven-headed hydra
 15610 | Lair:1   | Killed a seven-headed hydra
 15610 | Lair:1   | Reached skill level 10 in Fighting
 15610 | Lair:1   | Reached skill level 5 in Throwing
 15660 | Lair:1   | Learned a level 3 spell: Regeneration
 15689 | Lair:1   | Found a transporter.
 15705 | Lair:1   | Noticed dvd2's ghost (journeyman OpVM)
 15715 | Lair:1   | Found a transporter.
 15721 | Lair:1   | Identified the ring "Paliv" {-Tele rCorr Int+4 Dex+4}
 15740 | Lair:1   | Reached **** piety under Ashenzari
 16503 | Lair:2   | Reached XP level 13. HP: 97/103 MP: 22/22
 16529 | Lair:2   | Found a staircase to the Snake Pit.
 17688 | Lair:2   | Found a staircase to the Shoals.
 17864 | Lair:2   | Reached skill level 1 in Charms
 19721 | Lair:3   | HP: 5/104 [eight-headed hydra (5)]
 20304 | Lair:4   | Identified the +8 chain mail of Wasted Space {rPois rF++
                  | Dex+4}
 20500 | Lair:4   | Reached skill level 1 in Armour
 20763 | Lair:4   | Identified the +9 chain mail "Mesmonn" {rElec MR- Str+4}
 20837 | Lair:4   | Reached ***** piety under Ashenzari
 20837 | Lair:4   | Found a blossoming altar of Fedhas.
 22060 | Lair:6   | Entered Level 6 of the Lair of Beasts
 22096 | Lair:6   | Found a viscous altar of Jiyva.
 22114 | Lair:6   | Reached XP level 14. HP: 103/111 MP: 24/24
 22147 | Lair:6   | Found a staircase to the Slime Pits.
 22240 | Lair:6   | Reduced skill Dodging to level 10
 22240 | Lair:6   | Reached skill level 5 in Armour
 22689 | Lair:6   | Reached skill level 10 in Dodging
 23369 | Lair:6   | Found a runed translucent door.
 23431 | Lair:6   | Reached skill level 10 in Shields
 24607 | Lair:1   | Killed dvd2's ghost
 24699 | D:10     | Learned a level 4 spell: Animate Dead
 25230 | D:12     | Noticed Nergalle
 25256 | D:12     | Killed Nergalle
 25772 | D:12     | Reached XP level 15. HP: 117/117 MP: 25/25
 25900 | D:12     | Noticed Nessos
 25967 | D:12     | Killed Nessos
 26190 | D:13     | Found a flickering gateway to a bazaar.
 26195 | Bazaar   | Entered a bazaar
 26195 | Bazaar   | Found Adaodu's Weapon Emporium.
 26195 | Bazaar   | Found Hentaidy's Gadget Shop.
 26195 | Bazaar   | Found Bup Naeta's Food Shoppe.
 26195 | Bazaar   | Found Sucif's Antique Armour Shop.
 26197 | Bazaar   | Found Fonwot's Gadget Boutique.
 26251 | Bazaar   | Bought a spiked shield for 199 gold pieces
 26251 | Bazaar   | Identified the +4 shield "Beynenkua" {*Slow rN+ Dex+7} (You
                  | bought it in a shop in a bazaar)
 26254 | Bazaar   | Bought a wand of iceblast (8) for 168 gold pieces
 26254 | Bazaar   | Bought a wand of clouds (2) for 252 gold pieces
 26313 | D:13     | Found a gate leading to a gauntlet.
 26332 | Gauntlet | Entered a Gauntlet
 26332 | Gauntlet | Found a transporter.
 26332 | Gauntlet | Found a transporter.
 26332 | Gauntlet | Found a transporter.
 26332 | Gauntlet | Found a runed translucent gate.
 26334 | Gauntlet | Found a transporter.
 26335 | Gauntlet | Found a transporter.
 26336 | Gauntlet | Found a runed translucent gate.
 26337 | Gauntlet | Found a runed translucent gate.
 26338 | Gauntlet | Found a transporter.
 26345 | Gauntlet | Found the +9 sword of Zonguldrok {reap}
 26345 | Gauntlet | Found a transporter.
 26346 | Gauntlet | Found a transporter.
 26347 | Gauntlet | Found a transporter.
 26349 | Gauntlet | Found a transporter.
 26358 | Gauntlet | Found a transporter.
 26365 | Gauntlet | Found a transporter.
 27034 | Gauntlet | Identified a scroll of acquirement
 27118 | Gauntlet | Got the cursed cloak "Odutiriu" {rCorr Dex+4}
 27172 | Gauntlet | Identified the cursed -2 cloak "Odutiriu" {rCorr Dex+4}
                  | (You found it in a Gauntlet)
 27184 | Gauntlet | Identified the +7 bardiche of the Desert {chop, *Rage +Rage
                  | rPois Int+5}
 27209 | Gauntlet | Identified the cursed ring of Saxueme {-Tele rF+ Int+4
                  | Slay-2}
 27318 | D:13     | Found the cursed +0 Maxwell's etheric cage {RegenMP+
                  | *Contam rElec MP+4}
 27723 | D:13     | Slain by a titanic slime creature

Levels and vault maps discovered:
D:1:      lemuel_arrival_room, layout_basic
D:2:      layout_basic, chequers_temple_overflow_minitemple,
          fiery_altar_vehumet, first_ration, minmay_goblin_outpost
D:3:      layout_basic, nemelex_xobeh_ov_fountains_minmay
D:4:      layout_loops_cross, yredelemnul_altar_generic,
          nicolae_overflow_crystal_walls, lemuel_crystal_altar,
          chequers_ossuary_entry_cave, serial_shops, nicolae_shop_crystal,
          chequers_jeans, uniq_edmund
D:5:      layout_basic, lemuel_round_altar, kennysheep_little_box,
          marbit_many_paths, minmay_misc_feat_chi
D:6:      layout_basic, lemuel_coloured_pillars_altar,
          minmay_temple_entry_steel_oval, uniq_blork_the_orc, uniq_eustachio
D:7:      layout_basic
D:8:      wad_river_or_something, layout_loops_ring, old_standard_altar,
          uniq_psyche, uniq_grum
D:9:      layout_stronghold, erik_orc_4, kennysheep_generic_room_9
D:10:     layout_roguey, dpeg_lair_monsters, basic_altar, blue_anna_alchemist
          [blue_anna_fruit_fields, blue_anna_fruit_fields]
D:11:     layout_stronghold, uniq_urug
D:12:     layout_basic, argonaut_gorgonesque, uniq_nessos, uniq_nergalle
D:13:     minmay_two_paths, layout_rooms, serial_shops, bzr_entry_road,
          gauntlet_entry_generic
Temple:   compressed_dpeg_triangle_lava_temple
Lair:1:   layout_regular_city, gammafunk_ghost_berserking_beasts
Lair:2:   layout_layer_cave, minmay_shoals_entry_centaurs,
          guppyfry_snake_entry_garden, special_room [special_room_bee],
          grunt_megastairs_2
Lair:3:   layout_roguey, infiniplex_staircase_pool_2
Lair:4:   layout_roguey, tgw_fedhas, serial_bayou_shore_b,
          minmay_lair_oklob_chamber, lemuel_fruit_fields, grunt_megastairs_3,
          serial_bayou_shore_b
Lair:5:   layout_regular_city, lemuel_fruit_fields, serial_bayou_shore_b,
          infiniplex_staircase_pool
Lair:6:   guppyfry_lair_end_dragon, layout_cave_shapes, wormcave, slime_altar_1,
          lemuel_old_faithful

Skill      XL: |  1  2  3  4  5  6  7  8  9 10 11 12 13 14 15 |
---------------+----------------------------------------------+-----
Polearms       | 5 6 7 8 10 11 12 | 12.9
Fighting       | 3 4 5 6 7 8 9 10 11 | 11.2
Dodging        | 5 6 7 8 9 10 11 12 11 11 | 11.7
Spellcasting   | 3 4 5 6 7 |  7.1
Necromancy     | 2 3 5 6 8 |  8.0
Translocations | 3 |  3.0
Conjurations   | 2 3 |  3.0
Shields        | 4 6 8 11 | 11.6
Throwing       | 3 5 6 |  6.0
Charms         | 3 |  3.0
Armour         | 4 8 |  8.5

Action                   |  1- 3 |  4- 6 |  7- 9 | 10-12 | 13-15 || total
-------------------------+-------+-------+-------+-------+-------++-------
Melee: Trident           |   106 |   162 |   297 |   906 |  1420 ||  2891
       Tailslap          |       |       |       |       |    19 ||    19
 Fire: Hunting sling     |       |    16 |       |       |       ||    16
Throw: Stone             |     7 |    39 |       |       |       ||    46
       Boomerang         |       |    26 |    72 |   100 |    33 ||   231
       Dart              |       |       |       |    88 |    17 ||   105
       Javelin           |       |       |       |    14 |    17 ||    31
 Cast: Animate Skeleton  |       |       |    16 |    82 |    85 ||   183
       Blink             |       |       |     3 |     2 |     7 ||    12
       Regeneration      |       |       |       |       |     8 ||     8
Invok: Curse Item        |       |       |     2 |     2 |     4 ||     8
       Transfer Knowledg |       |       |       |       |     1 ||     1
Evoke: Wand              |       |       |     2 |     3 |     5 ||    10
       Lightning rod     |       |       |       |       |     2 ||     2
  Use: Scroll            |       |     8 |    12 |     8 |    14 ||    42
       Potion            |       |       |     1 |     1 |     6 ||     8
 Stab: Sleeping          |     3 |     1 |     1 |     4 |       ||     9
       Distracted        |       |       |       |     1 |     6 ||     7
       Confused          |       |       |       |       |     1 ||     1
  Eat: Chunk             |     1 |     6 |    14 |    24 |    18 ||    63
       Ration            |       |       |     1 |     2 |     6 ||     9
Armor: Leather armour    |    17 |    16 |    16 |    75 |    40 ||   164
       Ring mail         |       |    10 |     6 |       |       ||    16
       Scale mail        |       |       |     8 |       |       ||     8
       Chain mail        |       |       |       |       |   212 ||   212
Dodge: Dodged            |    58 |    87 |   104 |   339 |   411 ||   999
Block: Shield            |       |       |       |   133 |   675 ||   808

Table legend:
 A = Non-vault XP
 B = Vault XP
 C = Vault XP percentage of total XP
 D = Non-vault monster count
 E = Vault monster count
 F = Vault count percentage of total count
                 A         B        C        D         E       F
            +---------+---------+-------+---------+---------+-------
      Total |   65902 |   33486 |  33.7 |     504 |     170 |  25.2
            +---------+---------+-------+---------+---------+-------
        D:1 |      44 |       0 |   0.0 |      25 |       0 |   0.0
        D:2 |     133 |      15 |  10.1 |      25 |       8 |  24.2
        D:3 |     158 |       0 |   0.0 |      22 |       0 |   0.0
        D:4 |     466 |     158 |  25.3 |      17 |       1 |   5.6
        D:5 |     293 |       6 |   2.0 |       5 |       1 |  16.7
        D:6 |    1755 |     291 |  14.2 |      17 |       2 |  10.5
        D:7 |    1282 |       0 |   0.0 |      33 |       0 |   0.0
        D:8 |    2950 |    1109 |  27.3 |      40 |      16 |  28.6
        D:9 |    1355 |    2356 |  63.5 |      31 |      18 |  36.7
       D:10 |    2846 |    1283 |  31.1 |      35 |      10 |  22.2
       D:11 |   10218 |     831 |   7.5 |      56 |       1 |   1.8
       D:12 |    7050 |    5313 |  43.0 |      39 |       9 |  18.8
       D:13 |    3995 |       0 |   0.0 |      19 |       0 |   0.0
     Lair:1 |    2963 |    2378 |  44.5 |      15 |       6 |  28.6
     Lair:2 |    3794 |    3602 |  48.7 |      18 |      27 |  60.0
     Lair:3 |    5475 |       0 |   0.0 |      24 |       0 |   0.0
     Lair:4 |    6811 |    1573 |  18.8 |      21 |       6 |  22.2
     Lair:5 |    4434 |       0 |   0.0 |      19 |       0 |   0.0
     Lair:6 |    9880 |   10214 |  50.8 |      43 |      30 |  41.1
    Ossuary |       0 |     155 | 100.0 |       0 |      16 | 100.0
   Gauntlet |       0 |    4202 | 100.0 |       0 |      19 | 100.0
            +---------+---------+-------+---------+---------+-------
